 Dungeon Crawl Stone Soup version 0.17.1-3-g152610e (webtiles) character file.

52 Gargoyl the Skirmisher (level 3, -2/30 HPs)
             Began as a Demonspawn Abyssal Knight on Feb 29, 2016.
             Was a Follower of Lugonu.
             Slain by a gnoll
             ... wielding a +0 halberd
              (11 damage)
             ... on level 2 of the Dungeon.
             The game lasted 00:03:11 (1109 turns).

Gargoyl the Skirmisher (Demonspawn Abyssal Knight)  Turns: 1109, Time: 00:03:11

Health: -2/30      AC: 10    Str: 13    XL:     3   Next: 60%
Magic:  5/5        EV: 10    Int: 13    God:    Lugonu [*.....]
Gold:   56         SH:  0    Dex: 12    Spells: 0 memorised, 2 levels left

rFire  . . .     SeeInvis .     a - +1 hand axe
rCold  . . .     Clarity  .     o - +0 chain mail
rNeg   . . .     SustAt   .     (no shield)
rPois  +         Gourm    .     d - +1 helmet
rElec  .         Spirit   .     (no cloak)
rCorr  .         Warding  .     (no gloves)
rMut   .         Stasis   .     (no boots)
MR     .....                    (no amulet)
Stlth  ..........               k - +4 ring of evasion
                                h - ring of poison resistance

@: not resistant to hostile enchantments, extremely unstealthy
A: hooves 1, powered by pain 1
a: Depart the Abyss, Renounce Religion


You were on level 2 of the Dungeon.
You worshipped Lugonu.
Lugonu was aware of your devotion.
You were hungry.

You visited 1 branch of the dungeon, and saw 2 of its levels.
You visited the Abyss 1 time.

You collected 56 gold pieces.

Inventory:

Hand Weapons
 a - a +1 hand axe (weapon)
Armour
 d - a +1 helmet (worn)
 o - a +0 chain mail (worn)
Jewellery
 h - a ring of poison resistance (left hand)
 k - a +4 ring of evasion (right hand)
Scrolls
 e - 2 scrolls of remove curse {unknown}
 g - a scroll of enchant weapon {unknown}
 j - 2 scrolls of teleportation {unknown}
 l - 2 scrolls of magic mapping {unknown}
 m - 4 scrolls of identify {unknown}
 n - a scroll of enchant armour {unknown}
Potions
 b - a potion of resistance {unknown}
 i - a potion of flight {unknown}
 p - a potion of agility {unknown}
Comestibles
 c - 3 bread rations
 f - a meat ration


   Skills:
 + Level 3.8 Fighting
 + Level 2.2 Axes
 + Level 2.0 Armour
 + Level 1.1 Dodging
 + Level 0.2 Stealth
 + Level 2.8 Invocations


You had 2 spell levels left.
You didn't know any spells.

Dungeon Overview and Level Annotations

Branches:
Dungeon (2/15)

Altars:


Innate Abilities, Weirdness & Mutations

You have large cloven feet.
You sometimes gain a little power by taking damage.


Message History

The gnoll shouts!
You hear a shout!
You hear a shout!
A gnoll comes into view. It is wielding a halberd.
The gnoll shouts!
The gnoll hits you.
Found a stone staircase leading down.
A gnoll comes into view. It is wielding a whip.
You hit the gnoll.
The gnoll is moderately wounded.
The gnoll completely misses you. The gnoll barely misses you.
You hit the gnoll.
The gnoll is heavily wounded.
The gnoll closely misses you.
The gnoll hits you from afar with a halberd!
* * * LOW HITPOINT WARNING * * *
The gnoll drinks a potion.
The gnoll seems to grow stronger.
You slash the gnoll!
You kill the gnoll!
Lugonu accepts your kill.
The gnoll hits you from afar with a halberd!
You die...

#..##..... ####
#.#...# #..##.....
... ......#
#.........
>...#..#..###
##.###....
#..#.......#
#........ #
#..%..#..#.#
######...
#.###.#..#..#.##
#... .........#..#..
#... #........@$.#.#
# #..)
#........##g#.##....
.....
#...?.............?.
.....
#.......###.#.##....
#.......##..#.# #
........##.##..
############.# ###
#.......# #.# #
###.#####.# #.#


You could see a gnoll.

Vanquished Creatures
  A gnoll (D:2)
  An adder (D:2)
  An ooze (D:2)
  A worm (D:2)
  A giant gecko (D:1)
  A giant cockroach (D:2)
  A hobgoblin (D:1)
  3 jackals (D:1)
  6 kobolds
  3 giant newts
  6 goblins (D:1)
  3 rats
28 creatures vanquished.

Notes
Turn   | Place    | Note
--------------------------------------------------------------
     0 | Abyss:1  | Gargoyl the Demonspawn Abyssal Knight began the quest for the Orb.
     0 | Abyss:1  | Reached XP level 1. HP: 18/18 MP: 2/2
   160 | Abyss:1  | Noticed a large abomination
   187 | D:1      | Escaped the Abyss
   244 | D:1      | Reached * piety under Lugonu
   379 | D:1      | Gained mutation: You have large cloven feet. [demonic ancestry]
   379 | D:1      | Reached XP level 2. HP: 18/24 MP: 4/4
   418 | D:1      | Reached skill level 1 in Dodging
   791 | D:2      | Gained mutation: You sometimes gain a little power by taking damage. [demonic ancestry]
   791 | D:2      | Reached XP level 3. HP: 24/29 MP: 5/5
  1109 | D:2      | Slain by a gnoll

Action                   || total
-------------------------++-------
Melee: Hand axe          ||    86
Invok: Depart the Abyss  ||     1
